 Dungeon Sprint DCSS version 0.30-a0-116-g3b1a8e4ee4 (webtiles) character file.

Game seed: 18127831316865620138

380 rocky1 the Spear-Bearer (level 6, -5/58 HPs)
             Began as a Minotaur Gladiator on Sept 13, 2022.
             Was an Initiate of Okawaru.
             Killed from afar by a deep elf pyromancer (19 damage)
             ... with a bolt of fire
             ... in the Dungeon (Sprint III: "The Ten Rune Challenge").
             The game lasted 00:01:46 (938 turns).

rocky1 the Spear-Bearer (Minotaur Gladiator)         Turns: 938, Time: 00:01:48

Health: -5/58      AC:  3    Str: 20    XL:     6   Next: 46%
Magic:  5/5        EV: 15    Int:  5    God:    Okawaru [......]
Gold:   28         SH:  0    Dex: 12    Spells: 5/5 levels left

rFire   . . .      SeeInvis .    a - +0 trident
rCold   . . .      Faith    .    (no shield)
rNeg    . . .      Spirit   .    b - +0 leather armour
rPois   .          Reflect  .    c - +0 hat
rElec   .          Harm     .    (no cloak)
rCorr   .          Rampage  .    (no gloves)
Will    .....      NoTele   +    (no boots)
Stlth   +.........               (no amulet)
HPRegen 0.19/turn                (no ring)
MPRegen 0.09/turn                (no ring)

@: on fire, glowing
A: horns 2, retaliatory headbutt
a: Renounce Religion


You were in the Dungeon.
You worshipped Okawaru.
Okawaru was noncommittal.
You visited 1 branch You collected 28 gold pieces.

Inventory:

Hand Weapons
 a - a +0 trident (weapon)
Missiles
 d - a throwing net (quivered)
 e - a javelin
Armour
 b - a +0 leather armour (worn)
 c - a +0 hat (worn)
Scrolls
 k - a scroll of blinking
 m - 2 scrolls of immolation {unknown}
 n - a scroll of identify {unknown}
 p - a scroll of fear {unknown}
Potions
 f - a potion of curing
 g - a potion of heal wounds
 h - a potion of haste
 i - 2 potions of magic
 l - 4 potions of mutation {unknown}
 o - a potion of flight {unknown}
 q - 2 potions of might


   Skills:
 + Level 6.4 Fighting
 + Level 11.6 Polearms
 + Level 4.7 Throwing
 + Level 4.5 Armour
 + Level 8.3 Dodging
 + Level 0.4 Stealth


You had 5 spell levels left.
You didn't know any spells.
Your spell library contained the following spells:

 Spells                   Type           Power      Damage    Failure   Level
 Beastly Appendage        Tmut           0%         N/A       52%         1
 Static Discharge         Conj/Air       0%         3-3/arc   67%         2
 Wereblood                Tmut           0%         N/A       67%         2
 Spider Form              Tmut/Pois      0%         N/A       88%         3
 Dispel Undead            Necr           0%         3d6       99%         4
 Sticky Flame             Conj/Fire      0%         2d3       99%         4


Dungeon Overview and Level Annotations

Branches:
Dungeon (1/1)

Altars:
Elyvilon
Okawaru
Trog
Uskayaw
Wu Jian
Zin
The Shining One


Innate Abilities, Weirdness & Mutations

You have a pair of horns on your head.
You reflexively headbutt those who attack you in melee.


Message History

Found three altars.
A deep elf pyromancer comes into view.
It is wielding a +0 long sword of holy wrath.
Found 2 potions of heal wounds.
The deep elf pyromancer shouts!
There is an open door here.
You barely miss the deep elf pyromancer.
Your headbutt misses the deep elf pyromancer.
The deep elf pyromancer closely misses you.
You furiously retaliate!
You headbutt the deep elf pyromancer.
You barely miss the deep elf pyromancer.
Your headbutt misses the deep elf pyromancer.
The deep elf pyromancer is lightly wounded.
You hit the deep elf pyromancer but do no damage.
The deep elf pyromancer is lightly wounded.
The deep elf pyromancer gestures at you while chanting.
The bolt of fire hits you!!
You puncture the deep elf pyromancer! You headbutt the deep elf pyromancer.
The deep elf pyromancer is moderately wounded.
The deep elf pyromancer closely misses you.
You puncture the deep elf pyromancer!
Your headbutt misses the deep elf pyromancer.
The deep elf pyromancer is severely wounded.
You hit the deep elf pyromancer but do no damage.
The deep elf pyromancer is severely wounded.
The deep elf pyromancer gestures at you while chanting.
The sticky flame hits you!
You are covered in liquid flames!
You barely miss the deep elf pyromancer.
You punch the deep elf pyromancer.
The deep elf pyromancer is severely wounded.
You are covered in liquid flames!
The deep elf pyromancer hits you with a +0 long sword of holy wrath!
* * * LOW HITPOINT WARNING * * *
You hit the deep elf pyromancer.
The deep elf pyromancer is almost dead.
You are covered in liquid flames!
* * * LOW HITPOINT WARNING * * *
The deep elf pyromancer gestures at you while chanting.
The bolt of fire hits you!!
You die...

▓▓▓▓ ▓▓▓ .).####
##.#########
......#####..#___#___#
.......#..#..#!e.#__)#
#.##...#..#..###@#'###+##
#.###..##'#..#..........#
##.##..###÷..'.⌠........#
..##..####...#...######+#
..##..###....#.⌠.#
.##...##.....#...#
##....#......#+###
##..##.#.....#
#..#####....#


You could see a deep elf pyromancer.

Vanquished Creatures
  A water elemental (D)
  Jessica (D)
  3 humans (D)
  A wolf (D)
  2 rats (D)
8 creatures vanquished.

Notes
Turn   | Place    | Note
-------+----------+-------------------------------------------
     0 | D        | rocky1 the Minotaur Gladiator began the quest for the Orb.
     0 | D        | Reached XP level 1. HP: 18/18 MP: 0/0
    11 | D        | Reached skill level 4 in Polearms
    27 | D        | Noticed Jessica
    36 | D        | Killed Jessica
    37 | D        | Reached skill level 6 in Polearms
    37 | D        | Reached XP level 2. HP: 17/26 MP: 1/1
   185 | D        | Reached skill level 5 in Dodging
   185 | D        | Reached XP level 3. HP: 12/31 MP: 2/2
   374 | D        | Reached skill level 7 in Polearms
   374 | D        | Reached skill level 1 in Armour
   398 | D        | Noticed a water elemental
   401 | D        | Killed a water elemental
   402 | D        | Reached skill level 8 in Polearms
   402 | D        | Reached XP level 4. HP: 41/41 MP: 3/3
   597 | D        | Found a hide-covered altar of Uskayaw.
   597 | D        | Found an iron altar of Okawaru.
   597 | D        | Found a bloodstained altar of Trog.
   597 | D        | Found an ornate altar of the Wu Jian Council.
   597 | D        | Noticed a human
   597 | D        | Noticed a human
   614 | D        | Killed a human
   615 | D        | Reached skill level 5 in Fighting
   615 | D        | Reached skill level 10 in Polearms
   615 | D        | Reached XP level 5. HP: 48/48 MP: 4/4
   623 | D        | Killed a human
   624 | D        | Reached skill level 11 in Polearms
   624 | D        | Reached XP level 6. HP: 22/58 MP: 5/5
   923 | D        | Became a worshipper of Warmaster Okawaru
   929 | D        | Found a glowing silver altar of Zin.
   929 | D        | Found a glowing golden altar of the Shining One.
   929 | D        | Found a white marble altar of Elyvilon.
   930 | D        | Noticed a deep elf pyromancer
   938 | D        | Killed from afar by a deep elf pyromancer

Illustrated notes

Levels and vault maps discovered:
D:        dungeon_sprint_mu [sprint_mu_entry_cave, sprint_mu_temple_rooms,
          sprint_mu_d1_spiders, sprint_mu_d2_genie, sprint_mu_d3_branching,
          sprint_mu_orc_legion, sprint_mu_elf_gauntlet, sprint_mu_hive_nellie,
          sprint_mu_lair_fedhas, sprint_mu_vaults_butterflies,
          sprint_mu_slime_circle, sprint_mu_swamp_cave, sprint_mu_shoals_archi,
          sprint_mu_blade_basic, sprint_mu_crypt_lich, sprint_mu_tomb_spiral,
          sprint_mu_vestibule_basic, sprint_mu_gehenna_hellfire,
          sprint_mu_dis_giant, sprint_mu_tartarus_statrot,
          sprint_mu_cocytus_islands, sprint_mu_zot1]

Skill      XL: |  1  2  3  4  5 |
---------------+----------------+-----
Polearms       | 6 8 10 11 | 11.6
Fighting       | 3 4 5 6 |  6.4
Dodging        | 4 5 6 7 8 |  8.3
Armour         | 2 3 4 |  4.5
Throwing       | 3 4 |  4.7
Stealth        | |  0.4

Action                   |  1- 3 |  4- 6 || total
-------------------------+-------+-------++-------
Melee: Trident           |    29 |    24 ||    53
       Headbutt          |     5 |     6 ||    11
       Punch             |       |     2 ||     2
Throw: Throwing net      |     1 |     1 ||     2
  Use: Potion            |     1 |       ||     1
Armor: Leather armour    |     2 |     1 ||     3
Dodge: Dodged            |     7 |     7 ||    14

Table legend: (Time is in decaauts)
 A = Elapsed time spent in this place.
 B = Non-inter-level travel time spent in this place.
 C = Inter-level travel time spent in this place.
 D = Time resting spent in this place.
 E = Time spent auto-exploring this place.
 F = Levels seen in this place.
 G = Mean time per level.
                   A        B        C        D        E       F      G
               +--------+--------+--------+--------+--------+-----+--------+
         Total |    940 |    940 |      0 |    765 |      0 |   1 |  940.0 |
       Dungeon |    940 |    940 |      0 |    765 |      0 |   1 |  940.0 |
               +--------+--------+--------+--------+--------+-----+--------+

Top non-repeatable levels by time:
       D: 940 daAuts
